Map: Artillería pesada EE

Players

MrFercho - Winner!

  • Race: Zerg Zerg
  • Spawn Location: 7:00

TATORREA - Winner!

  • Race: Terran Terran
  • League: Silver
  • Spawn Location: 7:00

lautitoplus

  • Race: Terran Terran
  • Spawn Location: 3:00

Leonidas

  • Race: Terran Terran
  • Spawn Location: 1:00

VOD

Have the link to the VOD?

Description

Time

  • Played on: June 10, 2020, 8:29 p.m.
  • Length: 25:39
Show
View Real Time Build Order
Export as new Build Order

MrFercho Zerg - Winner!

Build Orders: Hatch First 

Get SALT Encoding   

  12  0:01  Drone  
  13  0:14  Overlord  
  13  0:17  Drone  
  14  0:32  Drone x2  
  16  0:57  Drone  
  16  0:58  Drone  
  16  1:00  Hatchery  
  17  1:10  Drone  
  18  1:16  Spawning Pool  
  17  1:26  Drone  
  17  1:27  Drone  
  19  1:40  Extractor  
  19  1:44  Drone x2  
  20  1:53  Drone  
  21  2:02  Drone  
  22  2:11  Queen  
  22  2:12  Overlord  
  24  2:17  Drone  
  24  2:18  Queen  
  27  2:23  Drone  
  28  2:32  Drone  
  29  2:38  Drone  
  29  2:39  Drone  
  29  2:41  Roach Warren  
  31  2:44  Drone  
  31  2:47  Drone  
  31  2:51  Lair  
  32  3:07  Drone x4  
  36  3:34  Overlord x3  
  36  3:36  Overlord  
  36  3:44  Extractor  
  35  3:49  Queen, Extractor  
  35  3:50  Glial Reconstitution  
  36  3:56  Evolution Chamber  
  35  4:06  Drone  
  35  4:07  Drone x6  
  42  4:14  Hatchery  
  41  4:24  Roach  
  41  4:25  Roach  
  45  4:54  Roach  
  45  4:55  Roach x6  
  45  4:56  Roach  
  61  5:21  Zerg Missile Weapons Level 1  
  61  5:29  Drone x7  
  61  5:30  Drone x4  
  66  5:54  Roach x4  
  66  5:55  Roach x2  
  74  6:02  Overlord x3  
  74  6:03  Overlord  
  74  6:38  Extractor  
  74  6:39  Drone x2  
  75  6:40  Drone x2  
  75  6:41  Drone x2  
  75  6:42  Extractor  
  78  6:50  Drone x4  
  82  7:13  Hydralisk Den  
  81  7:16  Drone x2  
  81  7:17  Drone  
  81  7:18  Drone  
  81  7:19  Drone x2  
  87  7:24  Drone  
  88  7:33  Extractor  
  87  7:41  Evolution Chamber  
  86  7:58  Hydralisk x8  
  86  7:59  Hydralisk x2  
  86  8:01  Overlord  
  106  8:19  Spine Crawler  
  105  8:21  Spine Crawler  
  104  8:29  Spine Crawler  
  104  8:32  Spine Crawler  
  104  8:34  Spine Crawler  
  101  8:39  Spore Crawler  
  100  8:47  Drone x3  
  103  8:59  Drone x3  
  103  9:02  Overlord x4, Spore Crawler x2  
  104  9:04  Overlord x2  
  104  9:18  Grooved Spines  
  104  9:21  Zerg Missile Weapons Level 2, Zerg Ground Armor Level 1  
  104  9:37  Hydralisk x13  
  130  9:54  Hydralisk x7  
  144  10:30  Infestation Pit, Muscular Augments  
  143  10:37  Drone  
  143  10:38  Drone x2  
  143  10:39  Drone  
  143  10:41  Drone  
  148  10:54  Hydralisk x7  
  162  11:00  Overlord x3  
  162  11:01  Overlord  
  162  11:02  Overlord  
  162  11:03  Hatchery, Overlord  
  161  11:45  Hydralisk x16  
  161  11:46  Hydralisk x3  
  155  12:19  Hatchery  
  154  12:24  Hatchery  
  154  12:27  Hatchery  
  152  12:34  Hydralisk x11  
  152  12:35  Hydralisk x8  
  190  12:48  Zerg Ground Armor Level 2  
  190  12:50  Nydus Network  
  189  12:52  Hive  
  189  12:59  Spine Crawler  
  189  13:00  Drone x2  
  189  13:01  Spine Crawler  
  189  13:15  Spore Crawler  
  189  13:18  Spore Crawler  
  187  13:21  Drone x11  
  198  13:40  Overseer  
  198  14:07  Queen  
  200  14:28  Spire  
  199  14:33  Spire  
  198  14:57  Hydralisk  
  200  15:49  Nydus Canal  
  200  16:16  Hydralisk x3  
  200  16:19  Hydralisk x2  
  200  16:20  Hydralisk x2  
  200  16:21  Hydralisk x2  
  200  16:22  Hydralisk x3  
  200  16:23  Hydralisk x2  
  200  16:24  Hydralisk x4  
  200  16:25  Hydralisk x3  
  178  16:45  Hydralisk x11  
  194  17:09  Mutalisk x3  
  194  17:10  Mutalisk  
  188  17:18  Nydus Canal  
  174  17:28  Zerg Ground Armor Level 3, Zerg Missile Weapons Level 3  
  156  17:32  Zerg Flyer Armor Level 1, Zerg Flyer Weapons Level 1  
  136  18:03  Mutalisk  
  136  18:04  Mutalisk x21  
  122  18:13  Extractor x2  
  120  18:40  Mutalisk  
  120  18:41  Mutalisk x4  
  130  19:13  Hydralisk x4  
  130  19:14  Hydralisk x3  
  144  19:21  Zergling x22  
  144  19:22  Zergling x52  
  144  19:23  Zergling x6  
  170  20:00  Hatchery  
  145  20:09  Metabolic Boost  
  145  20:13  Hatchery  
  130  20:15  Greater Spire  
  130  20:17  Zerg Flyer Weapons Level 2  
  130  20:47  Hydralisk x9  
  130  20:48  Hydralisk x3  
  138  21:02  Extractor  
  123  21:07  Extractor  
  104  21:15  Extractor  
  97  21:19  Extractor  
  96  21:28  Adrenal Glands  
  86  22:28  Mutalisk x15  
  86  22:29  Mutalisk  
  118  22:52  Corruptor x4  
  126  23:19  Corruptor  
  126  23:20  Corruptor x4  
  136  23:50  Drone x15  
  136  23:51  Drone x10  
  161  24:04  Brood Lord x4  
  161  24:05  Brood Lord  
  171  24:14  Brood Lord  
  163  25:14  Hydralisk  
  163  25:15  Hydralisk x2  
  197  25:21  Hatchery  
Show
View Real Time Build Order
Export as new Build Order

TATORREA Terran - Winner!

Build Orders:  

Get SALT Encoding   

  12  0:03  SCV  
  13  0:15  SCV  
  14  0:27  SCV  
  15  0:33  Supply Depot  
  15  0:38  Refinery  
  15  0:47  Refinery  
  15  0:54  SCV  
  16  0:57  Barracks  
  16  1:06  SCV  
  17  1:18  SCV  
  18  1:30  SCV  
  19  1:43  SCV  
  20  1:47  Supply Depot  
  20  1:48  Factory  
  20  1:55  SCV  
  21  2:04  Barracks Reactor  
  21  2:07  SCV  
  22  2:09  Supply Depot  
  22  2:19  SCV  
  23  2:31  SCV, Supply Depot  
  24  2:39  Command Center  
  24  2:43  SCV  
  25  2:54  Supply Depot  
  25  2:55  SCV  
  26  2:59  Factory Tech Lab  
  26  3:06  Starport  
  26  3:07  SCV  
  27  3:17  Supply Depot  
  27  3:23  Siege Tank  
  30  3:27  Marine  
  30  3:29  Marine  
  32  3:40  Supply Depot  
  32  3:41  SCV  
  33  3:55  Medivac  
  35  3:57  Marine  
  35  3:58  Marine  
  35  4:02  Widow Mine  
  39  4:16  SCV  
  40  4:24  Widow Mine  
  42  4:25  Medivac  
  42  4:27  Marine x2  
  46  4:38  Supply Depot  
  46  4:45  Marine x2  
  46  4:48  SCV x2  
  50  5:02  Supply Depot  
  50  5:03  Siege Tank  
  53  5:17  Marine x2  
  55  5:24  SCV x2  
  55  5:25  Supply Depot  
  57  5:28  Refinery  
  57  5:32  Refinery  
  57  5:35  Siege Tank  
  37  6:06  SCV x2  
  37  6:09  Widow Mine  
  41  6:18  SCV x2  
  41  6:23  Marine x2  
  45  6:30  SCV, Widow Mine  
  45  6:31  SCV  
  49  6:34  Medivac  
  51  6:42  SCV  
  51  6:43  SCV  
  53  6:55  SCV x2  
  53  7:00  Widow Mine  
  57  7:07  SCV x2  
  59  7:14  Medivac  
  61  7:19  SCV x2  
  61  7:21  Widow Mine  
  65  7:31  SCV x2  
  65  7:35  Marine x2  
  69  7:43  SCV x2  
  71  7:53  Marine x2  
  71  7:54  Widow Mine  
  71  7:55  SCV  
  76  8:11  Marine x2  
  78  8:15  Widow Mine  
  78  8:17  Barracks  
  78  8:19  SCV x2  
  82  8:31  SCV  
  82  8:32  SCV  
  84  8:36  Widow Mine  
  86  9:03  Marine x2  
  86  9:04  Barracks  
  88  9:11  Siege Tank  
  88  9:14  Barracks Tech Lab  
  91  9:25  Liberator  
  94  9:43  Widow Mine  
  94  9:45  Marine x2  
  98  9:53  Engineering Bay  
  98  10:03  Marine x2  
  100  10:08  Viking  
  102  10:15  Widow Mine  
  102  10:20  Engineering Bay  
  104  10:28  Marine  
  104  10:29  Marine  
  104  10:33  Stimpack  
  106  10:37  Orbital Command, Widow Mine  
  106  10:39  Orbital Command  
  108  10:49  Command Center  
  108  10:54  Medivac  
  110  11:18  Supply Depot  
  110  11:40  SCV x2, Widow Mine  
  110  11:41  Supply Depot  
  114  11:56  SCV x2  
  114  12:01  Marine x2, Widow Mine  
  116  12:05  Supply Depot  
  120  12:12  Marine x2  
  120  12:13  Combat Shield  
  122  12:19  Marine x2  
  124  12:22  Terran Infantry Weapons Level 1  
  124  12:24  Terran Infantry Armor Level 1  
  124  12:29  Supply Depot  
  124  12:30  Marine x2  
  124  12:34  Armory  
  126  12:37  SCV x2  
  128  12:47  Marine  
  128  12:48  Marine  
  128  12:49  SCV  
  131  12:52  Supply Depot  
  131  13:15  Supply Depot  
  131  13:38  Supply Depot  
  131  13:40  Marine x2  
  133  13:44  Marine x2  
  133  13:46  Medivac  
  137  13:53  Fusion Core  
  137  13:57  SCV  
  137  14:01  SCV, Supply Depot  
  139  14:07  Refinery  
  139  14:13  SCV  
  140  14:17  Marine x2  
  140  14:18  Marine x2  
  140  14:22  Terran Infantry Weapons Level 2  
  140  14:24  Terran Infantry Armor Level 2  
  144  14:25  SCV  
  144  14:26  Supply Depot  
  144  14:27  Siege Tank  
  148  14:33  Refinery  
  148  14:35  Marine x3  
  148  14:36  Marine  
  148  14:37  SCV  
  153  14:45  SCV x2  
  155  14:51  Supply Depot  
  155  14:53  SCV, Marine x4  
  155  14:57  SCV x2  
  162  15:05  SCV  
  163  15:11  Marine x4  
  163  15:13  Starport Tech Lab  
  167  15:25  Starport  
  167  15:28  Command Center  
  167  15:29  Marine x2  
  169  16:03  Starport  
  94  17:40  Marine  
  94  17:41  Marine x3  
  98  17:46  Battlecruiser  
  98  17:49  Weapon Refit  
  104  17:56  Medivac  
  106  17:58  Starport Tech Lab, Marine  
  106  17:59  Marine x3  
  106  18:03  Siege Tank  
  113  18:16  Marine x2  
  113  18:17  Marine x2  
  117  18:26  Medivac  
  119  18:33  Orbital Command  
  119  18:34  Marine x4  
  119  18:35  Siege Tank  
  119  18:38  Terran Infantry Weapons Level 3  
  119  18:39  Terran Infantry Armor Level 3  
  126  18:52  Marine x4  
  130  18:56  Medivac  
  130  18:59  Battlecruiser  
  130  19:01  Battlecruiser  
  144  19:08  Siege Tank  
  147  19:10  Marine x4  
  151  19:27  Marine  
  151  19:28  Refinery, Marine x3  
  151  19:30  Rapid Reignition System  
  155  19:32  Refinery  
  155  19:35  Command Center  
  155  19:40  Widow Mine  
  157  19:45  Marine  
  157  19:46  Marine x3  
  161  19:56  Starport Tech Lab  
  161  20:01  Widow Mine  
  161  20:03  Battlecruiser, Marine x3  
  161  20:04  Marine  
  161  20:06  Battlecruiser  
  179  20:21  Marine x4  
  179  20:23  Widow Mine  
  185  20:39  Marine  
  180  20:44  Widow Mine  
  167  21:06  Widow Mine  
  167  21:07  Battlecruiser  
  167  21:10  Battlecruiser x2  
  158  22:11  Battlecruiser  
  158  22:14  Battlecruiser x2  
  170  23:15  Marine x3  
  170  23:16  Battlecruiser, Marine  
  170  23:18  Battlecruiser x2  
  192  23:33  Marine x4  
  196  23:42  Command Center  
  196  23:51  Marine x4  
  200  23:55  Hi-Sec Auto Tracking  
  200  23:58  Neosteel Armor  
Show
View Real Time Build Order
Export as new Build Order

lautitoplus Terran 

Build Orders:  

Get SALT Encoding   

  12  0:02  SCV  
  14  0:14  SCV  
  14  0:19  Supply Depot  
  14  0:26  SCV  
  15  0:41  SCV  
  16  0:43  Barracks  
  16  0:53  SCV  
  16  0:56  Refinery  
  17  1:05  SCV  
  17  1:10  Refinery  
  18  1:20  SCV  
  19  1:32  SCV  
  20  1:37  Barracks Reactor  
  20  1:44  SCV  
  21  2:00  Factory  
  21  2:05  SCV  
  22  2:14  Marine  
  23  2:23  Supply Depot  
  23  2:26  Supply Depot  
  23  2:44  SCV, Marine x2, Factory Tech Lab  
  23  2:48  Starport  
  26  3:02  Marine x2  
  26  3:04  Siege Tank  
  31  3:19  Orbital Command, Marine x2  
  31  3:26  Medivac  
  35  3:36  Siege Tank  
  35  3:37  Supply Depot, Marine  
  39  3:58  Medivac, Marine  
  39  3:59  Supply Depot  
  42  4:03  Marine  
  43  4:14  Siege Tank  
  43  4:16  Marine  
  47  4:21  Marine  
  48  4:34  Marine  
  49  4:38  Marine  
  50  4:52  Marine  
  51  4:56  Marine  
  38  6:05  Siege Tank  
  38  6:08  Starport Reactor  
  41  6:14  Starport  
  41  6:19  Marine  
  41  6:20  Marine  
  43  6:37  Marine x2, Siege Tank  
  48  6:54  Starport Tech Lab  
  48  7:01  Starport  
  48  7:07  Barracks  
  48  7:12  Engineering Bay  
  48  7:22  Command Center  
  48  7:36  Viking x2  
  52  7:42  Starport Reactor  
  52  7:55  Fusion Core  
  52  8:06  Viking  
  54  8:13  Supply Depot  
  54  8:18  Missile Turret  
  54  8:33  Viking  
  56  8:36  Supply Depot  
  56  8:39  SCV, Missile Turret  
  57  8:51  SCV  
  57  8:52  Battlecruiser  
  64  8:55  Viking  
  64  8:56  Viking  
  64  9:00  Missile Turret  
  68  9:03  SCV  
  69  9:15  SCV  
  69  9:16  Barracks  
  70  9:27  SCV  
  71  9:31  Refinery  
  71  9:35  Refinery  
  71  9:39  SCV  
  72  9:47  Viking x2  
  72  9:50  Viking x2  
  72  9:51  SCV  
  81  10:03  SCV  
  82  10:07  Bunker  
  82  10:13  Barracks Reactor  
  82  10:15  SCV  
  83  10:27  SCV, Supply Depot  
  84  10:33  Sensor Tower  
  84  10:40  SCV  
  85  10:43  Ghost Academy  
  85  10:50  Supply Depot  
  85  10:51  Battlecruiser  
  85  10:52  SCV  
  92  10:58  Marine x2  
  94  11:11  SCV  
  94  11:15  Supply Depot  
  95  11:23  SCV  
  96  11:35  SCV  
  96  11:38  Supply Depot, Factory  
  95  12:13  Battlecruiser  
  101  12:16  Viking x2  
  105  12:33  Factory Tech Lab  
  105  12:38  SCV  
  106  12:44  Bunker  
  106  12:50  SCV  
  107  12:52  Supply Depot  
  107  13:02  SCV  
  108  13:14  Supply Depot  
  108  13:18  Battlecruiser  
  114  13:29  Marine x2  
  116  13:37  Supply Depot  
  116  13:40  Siege Tank  
  119  13:46  Marine  
  119  13:47  Marine  
  121  13:50  Viking x2  
  125  14:02  Supply Depot  
  125  14:12  Siege Tank  
  128  14:29  Supply Depot  
  128  14:40  Battlecruiser  
  134  14:48  SCV  
  135  15:01  SCV, Supply Depot  
  136  15:13  SCV  
  137  15:24  Viking x2, Supply Depot  
  137  15:26  Viking x2  
  145  15:36  Armory  
  145  15:47  Supply Depot  
  145  16:11  Supply Depot  
  145  16:33  Supply Depot  
  145  16:38  Battlecruiser  
  151  16:42  Viking  
  151  16:43  Viking  
  151  16:44  Viking x2  
  120  17:42  Battlecruiser  
  118  18:46  Battlecruiser  
  124  18:52  Command Center  
  124  19:23  Starport  
  124  19:31  Supply Depot  
  124  19:50  Battlecruiser  
  130  19:54  Supply Depot  
  112  20:16  Terran Ship Weapons Level 1, Supply Depot  
  112  20:23  Armory  
  112  20:28  SCV  
  113  20:39  Supply Depot  
  113  20:40  SCV  
  106  20:52  SCV  
  106  20:55  Battlecruiser  
  110  21:04  SCV  
  108  21:20  SCV  
  109  21:32  SCV  
  110  21:38  Refinery  
  110  21:42  Refinery  
  110  21:44  SCV  
  111  21:51  Starport  
  111  21:59  Battlecruiser  
  54  23:01  Viking x2  
  54  23:03  Battlecruiser, Viking  
  66  23:31  Viking  
  66  23:32  Refinery  
  66  23:33  Viking  
  69  23:34  Refinery  
  68  24:03  Viking  
  68  24:33  Viking  
  48  24:49  Viking x2  
Show
View Real Time Build Order
Export as new Build Order

Leonidas Terran 

Build Orders:  

Get SALT Encoding   

  12  0:03  SCV  
  13  0:20  SCV  
  14  0:21  Supply Depot  
  14  0:32  SCV  
  15  0:56  Barracks  
  15  0:58  SCV  
  16  1:06  Refinery  
  16  1:18  SCV  
  17  1:26  Refinery  
  17  1:30  SCV  
  18  1:42  SCV  
  18  1:45  Marine  
  21  2:01  SCV  
  21  2:02  Marine  
  22  2:13  SCV  
  23  2:18  Command Center  
  23  2:27  Supply Depot  
  23  2:48  SCV, Marine  
  25  2:52  Factory  
  25  3:00  SCV  
  26  3:06  Marine  
  28  3:12  SCV  
  28  3:24  Marine  
  29  3:32  Engineering Bay  
  29  3:36  SCV, Refinery  
  30  3:48  SCV  
  30  3:51  Factory Tech Lab  
  30  3:52  Starport  
  30  3:55  Barracks Reactor  
  31  4:00  SCV  
  31  4:01  SCV  
  33  4:12  SCV  
  34  4:20  Siege Tank  
  37  4:25  SCV  
  38  4:36  Starport Tech Lab  
  38  4:37  SCV  
  39  4:49  SCV  
  40  4:57  Fusion Core  
  40  5:06  Bunker  
  40  5:09  Viking  
  42  5:22  Missile Turret  
  42  5:26  SCV  
  43  5:30  Orbital Command  
  43  5:36  Bunker  
  43  5:38  SCV  
  43  5:39  Viking  
  46  5:49  Refinery  
  46  6:11  Armory  
  46  6:32  Supply Depot  
  46  6:35  Supply Depot  
  46  6:54  SCV, Siege Tank  
  50  6:57  Battlecruiser  
  56  7:06  SCV  
  57  7:18  SCV  
  58  7:30  SCV  
  59  7:37  Supply Depot  
  59  7:42  SCV  
  60  7:56  Missile Turret  
  60  7:58  Thor  
  60  8:00  Supply Depot  
  66  8:22  Battlecruiser  
  72  8:29  Starport  
  72  8:41  Thor  
  72  8:47  Starport  
  78  9:13  Starport Tech Lab  
  78  9:31  Supply Depot  
  78  9:51  Supply Depot  
  78  9:52  Starport Tech Lab  
  78  9:53  Battlecruiser  
  78  9:54  Supply Depot  
  84  10:13  Thor  
  90  10:14  Supply Depot  
  90  10:16  Battlecruiser  
  96  10:35  Battlecruiser  
  102  10:37  Supply Depot  
  102  10:54  Factory  
  102  10:57  Battlecruiser  
  108  11:20  Battlecruiser  
  113  12:09  Battlecruiser  
  113  12:32  Supply Depot  
  113  12:42  Missile Turret  
  113  12:54  Battlecruiser x2, Factory Tech Lab  
  113  12:56  Supply Depot  
  125  13:17  Battlecruiser  
  125  13:18  Supply Depot  
  131  13:41  Supply Depot  
  131  13:58  Viking, Battlecruiser  
  139  14:28  Battlecruiser  
  145  16:08  Thor  
  147  16:17  Battlecruiser  
  127  16:55  Battlecruiser  
  131  17:21  Battlecruiser  
  84  18:08  Battlecruiser  
  84  18:09  Battlecruiser  
  87  18:50  Command Center  
  87  18:55  Refinery  
  87  19:17  Supply Depot  
  87  19:40  Supply Depot  
  85  20:25  Refinery  
  74  24:27  Marine x2  
  74  24:29  Viking x2  
  74  24:30  Widow Mine, Thor  
  36  24:51  Widow Mine  
  38  24:59  Viking  
Tags
 
Add a new tag
Caveats
  • Supply blocks, unpowered buildings, or Contaminate may cause inaccurate times.
  • Supply counts are checked every 10 seconds.